Map: Interloper LE

Players

Juxtapose - Winner!

  • Race: Protoss Protoss
  • League: Gold
  • Spawn Location: 5:00

OmegaCarnage

  • Race: Protoss Protoss
  • League: Platinum
  • Spawn Location: 11:00

VOD

https://youtu.be/6KBeDL_hhJo

Description

Mass Oracles is indeed becoming a thing now, though I haven't seen it used against Protoss before. It honestly didn't help my opponent at all, and he delayed too long in expanding.

Time

  • Played on: Oct. 1, 2017, 10:50 a.m.
  • Length: 10:09
Show
View Real Time Build Order
Export as new Build Order

Juxtapose Protoss - Winner!

Build Orders: Oracle Opening 

Get SALT Encoding   

  12  0:01  Probe (Chrono Boost)  
  13  0:12  Probe (Chrono Boost)  
  14  0:22  Pylon  
  14  0:23  Probe (Chrono Boost)  
  15  0:40  Probe (Chrono Boost)  
  15  0:41  Gateway  
  16  0:52  Probe (Chrono Boost)  
  17  0:58  Assimilator  
  17  1:02  Probe (Chrono Boost)  
  18  1:04  Assimilator  
  18  1:13  Probe (Chrono Boost)  
  19  1:18  Pylon  
  19  1:23  Probe (Chrono Boost)  
  20  1:29  Zealot  
  22  1:34  Probe (Chrono Boost)  
  23  1:40  Cybernetics Core  
  23  1:44  Probe (Chrono Boost)  
  24  1:54  Pylon  
  24  1:55  Probe (Chrono Boost)  
  25  2:17  Warp Gate  
  25  2:19  Mothership Core (Chrono Boost)  
  25  2:22  Pylon  
  27  2:34  Stargate  
  27  3:03  Nexus  
  27  3:06  Pylon  
  27  3:20  Oracle (Chrono Boost)  
  30  3:31  Pylon  
  30  3:35  Stalker  
  30  3:37  Pylon  
  31  4:00  Probe  
  32  4:05  Stalker  
  34  4:12  Probe  
  34  4:13  Twilight Council  
  34  4:14  Forge  
  35  4:22  Probe  
  36  4:33  Probe  
  36  4:37  Probe  
  38  4:43  Probe  
  39  4:54  Gateway  
  39  4:55  Phoenix (Chrono Boost)  
  41  5:02  Gateway  
  41  5:03  Pylon  
  41  5:07  Probe  
  41  5:09  Probe  
  43  5:15  Photon Cannon  
  43  5:16  Phoenix (Chrono Boost)  
  45  5:43  Stalker  
  47  5:50  Probe  
  48  6:01  Probe  
  46  6:06  Probe  
  46  6:07  Photon Cannon  
  46  6:09  Stalker  
  45  6:11  Stalker  
  47  6:18  Probe  
  47  6:19  Phoenix (Chrono Boost)  
  47  6:22  Robotics Facility  
  47  6:24  Stalker  
  52  6:26  Probe  
  52  6:30  Assimilator  
  53  6:33  Assimilator  
  53  6:41  Phoenix (Chrono Boost)  
  55  6:48  Stalker  
  55  6:49  Stalker x2  
  58  7:18  Probe, Stalker x3  
  65  7:29  Probe  
  63  7:31  Phoenix (Chrono Boost), Probe  
  67  7:39  Probe  
  68  7:45  Stalker  
  68  7:46  Stalker x2  
  68  7:49  Warp Prism  
  68  7:50  Probe  
  76  7:52  Phoenix (Chrono Boost)  
  79  8:01  Probe  
  80  8:17  Gateway  
  80  8:19  Gateway  
  80  8:21  Stalker x3  
  82  9:01  Stalker x2  
  82  9:02  Stalker  
  88  9:09  Phoenix (Chrono Boost)  
  90  9:18  Probe  
  91  9:29  Probe  
  94  9:31  Phoenix (Chrono Boost), Nexus  
  86  9:39  Probe  
  73  9:53  Stalker x4  
Show
View Real Time Build Order
Export as new Build Order

OmegaCarnage Protoss 

Build Orders: Oracle Opening 

Get SALT Encoding   

  12  0:02  Probe (Chrono Boost)  
  13  0:12  Probe (Chrono Boost)  
  14  0:20  Pylon  
  14  0:24  Probe (Chrono Boost)  
  15  0:39  Probe (Chrono Boost)  
  16  0:44  Gateway  
  16  0:53  Assimilator  
  16  1:13  Forge  
  16  1:15  Assimilator  
  16  1:17  Probe (Chrono Boost)  
  17  1:28  Probe (Chrono Boost)  
  18  1:36  Pylon  
  18  1:39  Probe (Chrono Boost)  
  19  1:43  Cybernetics Core  
  19  1:49  Probe (Chrono Boost)  
  20  2:00  Probe (Chrono Boost)  
  21  2:02  Photon Cannon  
  21  2:10  Probe (Chrono Boost)  
  21  2:11  Photon Cannon  
  22  2:21  Probe (Chrono Boost)  
  23  2:26  Stargate  
  23  2:31  Probe (Chrono Boost)  
  24  2:38  Photon Cannon  
  24  2:47  Photon Cannon  
  24  2:54  Mothership Core (Chrono Boost)  
  26  3:01  Pylon  
  26  3:11  Oracle  
  29  3:31  Stargate  
  29  3:43  Pylon  
  29  3:48  Oracle (Chrono Boost)  
  29  3:49  Pylon  
  32  4:17  Oracle (Chrono Boost)  
  35  4:44  Oracle (Chrono Boost)  
  38  5:19  Oracle (Chrono Boost)  
  41  5:44  Nexus  
  41  5:46  Assimilator  
  41  5:50  Assimilator  
  41  5:53  Pylon  
  41  5:57  Pylon  
  29  6:24  Void Ray (Chrono Boost)  
  37  6:29  Photon Cannon  
  37  6:30  Void Ray (Chrono Boost)  
  37  6:31  Photon Cannon  
  37  6:34  Photon Cannon  
  37  6:35  Photon Cannon  
  37  6:36  Pylon  
  37  6:39  Pylon  
  37  6:44  Photon Cannon  
  36  7:12  Void Ray (Chrono Boost)  
  44  7:18  Void Ray (Chrono Boost)  
  36  7:38  Photon Cannon  
  36  7:40  Photon Cannon  
  36  7:42  Photon Cannon  
  36  7:45  Photon Cannon, Pylon  
  36  7:55  Pylon  
  36  8:09  Void Ray (Chrono Boost)  
  44  8:34  Void Ray (Chrono Boost)  
  40  8:53  Void Ray (Chrono Boost)  
Tags
 
Add a new tag
Caveats
  • Supply blocks, unpowered buildings, or Contaminate may cause inaccurate times.
  • Supply counts are checked every 10 seconds.